 Dungeon Crawl Stone Soup version 0.31.0-9-g3a7656b989 (webtiles) character file.

Game seed: 12227084035295987797

473 qw the Skirmisher (level 6, -1/35 HPs)
             Began as a Deep Elf Hunter on Feb 2, 2024.
             Slain by Dowan
             ... wielding a +2 dagger of holy wrath
              (6 damage)
             ... on level 5 of the Dungeon.
             The game lasted 00:00:14 (3469 turns).

qw the Skirmisher (Deep Elf Hunter)                 Turns: 3469, Time: 00:00:15

Health: -1/35      AC:  7    Str: 10    XL:     6   Next: 83%
Magic:  8/8        EV: 12    Int: 14    God:
Gold:   234        SH:  0    Dex: 23    Spells: 5/5 levels left

rFire   . . .        a - +1 shortbow
rCold   . . .        (shield currently unavailable)
rNeg    . . .        k - +0 ring mail
rPois   .            i - +0 helmet
rElec   .            g - scarf of Cowardice {repulsion, Fly Will- Dex+5}
rCorr   .            (no gloves)
SInv    .            n - +0 pair of boots
Will    .....        (no amulet)
Stlth   ++           (no ring)
HPRegen 0.25/turn    (no ring)
MPRegen 0.11/turn

%: repel missiles
@: flying, hasted, very quick
A: no striking features
a: no special abilities


You were on level 5 of the Dungeon.
You visited 1 branch of the dungeon, and saw 5 of its levels.

You collected 234 gold pieces.


   Skills:
 - Level 2.2 Fighting
 - Level 10.1 Ranged Weapons
 - Level 1.0 Armour
 + Level 3.0 Dodging
 - Level 1.2 Stealth


You had 5 spell levels left.
You didn't know any spells.
Your spell library was empty.

Inventory:

Hand Weapons
 a - a +1 shortbow (weapon)
Armour
 g - the scarf of Cowardice (worn) {repulsion, Fly Will- Dex+5}
   (You found it on level 4 of the Dungeon)

   Dex+5:     It affects your dexterity (+5).
   Will-:     It decreases your willpower.
   Fly:       It grants you flight.
 i - a +0 helmet (worn)
 k - a +0 ring mail (worn)
 n - a +0 pair of boots (worn)
Jewellery
 m - a ring of fire
Wands
 c - a wand of roots (9)
 d - a wand of flame (18)
Potions
 b - 2 potions of might
 e - a potion of resistance

Dungeon Overview and Level Annotations

Branches:
Dungeon (5/15)
 Temple: D:4-7

Altars:
Kikubaaqudgha

Shops:
D:2 (

Annotations:
D:5 Dowan


Message History

Duvessa hits you with a +0 rapier!
You shoot an arrow. The arrow completely misses Duvessa.
Duvessa hits you with a +0 rapier!
You shoot an arrow. The arrow hits Duvessa.
Duvessa is moderately wounded.
You shoot an arrow. The arrow hits Duvessa.
Duvessa is moderately wounded.
Duvessa hits you but does no damage.
Dowan, Brother of Duvessa comes into view.
He is wielding a +2 dagger of holy wrath and wearing a +2 robe of positive energy.
You shoot an arrow. The arrow hits Duvessa!
Duvessa is severely wounded.
Duvessa hits you but does no damage.
You shoot an arrow.
The arrow hits Duvessa but does no damage.
Duvessa is severely wounded.
You shoot an arrow. The arrow closely misses Duvessa.
The arrow hits Dowan!
Dowan is heavily wounded.
Duvessa hits you with a +0 rapier.
You shoot an arrow. The arrow hits Duvessa!
Duvessa is almost dead.
You shoot an arrow. The arrow closely misses Duvessa.
The arrow hits Dowan!
Dowan is almost dead.
An orc wizard comes into view. It is wielding a +0 dagger.
Dowan casts a spell at you.
The puff of flame is repelled.
You shoot an arrow. The arrow hits Duvessa.
You kill Duvessa!
Dowan's eyes darken. "You have made a grave mistake."
Dowan seems to find hidden reserves of power!
Your Ranged Weapons skill increases to level 10!
You shoot an arrow. The arrow barely misses Dowan.
Dowan mumbles some strange words.
Dowan blinks!
You shoot an arrow. The arrow misses Dowan.
You shoot an arrow. The arrow barely misses Dowan.
Dowan hits you with a +2 dagger of holy wrath.
You shoot an arrow. The arrow hits Dowan.
Dowan is almost dead.
Dowan hits you with a +2 dagger of holy wrath.
You die...

### ### #.#
###########.#
#.###<..........#
#...)........##.#
#.##########.##.#
#.[...[...##.##.#
#########.##.##.##
#....))@........#
#.....e#.##.#####
#......#)##.#####
#......#)#<.....#
....o...#.##.###.#
........#.#..# #.#
........#.#.## #.#
#'#'#+#.#.#.# #.#
.#.# .##.#.####.#


You could see Dowan (fast) and an orc wizard.

Vanquished Creatures
  Duvessa (D:5)
  2 howler monkeys
  A hound (D:4)
  A bombardier beetle (D:4)
  2 iguanas (D:4)
  2 orc wizards
  Robin (D:2)
  3 adders
  3 dart slugs
  A ribbon worm (D:3)
  10 orcs
  5 endoplasms
  A giant cockroach (D:3)
  13 goblins
  6 hobgoblins
  9 jackals
  A quokka (D:3)
  10 ball pythons
  3 bats
  4 frilled lizards
  4 kobolds
  4 rats
87 creatures vanquished.

Notes
Turn   | Place    | Note
-------+----------+-------------------------------------------
     0 | D:1      | qw the Deep Elf Hunter began the quest for the Orb.
     0 | D:1      | Reached XP level 1. HP: 12/12 MP: 3/3
     0 | D:1      | 0 ||| qw: Version: 0.3-a-155-g5e7d8dd
     0 | D:1      | 0 ||| qw: Game counter: 2027
     0 | D:1      | 0 ||| qw: Melee chars always use a shield: true
     0 | D:1      | 0 ||| qw: God list: Okawaru
     0 | D:1      | 0 ||| qw: Allow faded altars: false
     0 | D:1      | 0 ||| qw: Do Orc after clearing Dungeon:15 true
     0 | D:1      | 0 ||| qw: Do second Lair branch before Depths: true
     0 | D:1      | 0 ||| qw: Lair rune preference: random
     0 | D:1      | 0 ||| qw: Goals: Normal
     0 | D:1      | 0 ||| PLANNING D:1-11
    39 | D:1      | Reached skill level 6 in Ranged Weapons
    39 | D:1      | Reached XP level 2. HP: 16/16 MP: 4/4
   556 | D:1      | 556 ||| UPGRADING to +0 scale mail.
   566 | D:1      | 566 ||| DROPPING +0 leather armour.
   567 | D:1      | 567 ||| READING 2 scrolls labelled XAZ DAESHRUJIU.
   567 | D:1      | 567 ||| IDENTIFYING yellow potion
   568 | D:1      | 568 ||| READING scroll of identify.
   568 | D:1      | 568 ||| IDENTIFYING fizzy red potion
   569 | D:1      | 569 ||| READING scroll labelled YTAOKO JARITT.
   573 | D:1      | 573 ||| DROPPING scroll of butterflies.
   574 | D:1      | 574 ||| DROPPING potion of attraction.
   575 | D:1      | 575 ||| DROPPING potion of degeneration.
   644 | D:2      | Reached XP level 3. HP: 8/20 MP: 5/5
   807 | D:2      | Found Ympexufa's Weapon Shoppe.
  1102 | D:2      | Reached skill level 7 in Ranged Weapons
  1347 | D:2      | Noticed Robin
  1348 | D:2      | 1348 ||| FLEEEEING.
  1349 | D:2      | 1349 ||| FLEEEEING.
  1364 | D:2      | Killed Robin
  1367 | D:2      | Reached XP level 4. HP: 25/25 MP: 6/6
  1512 | D:2      | 1512 ||| UPGRADING to +0 helmet.
  1517 | D:2      | 1517 ||| READING 2 scrolls of identify.
  1517 | D:2      | 1517 ||| IDENTIFYING viscous clear potion
  1518 | D:2      | 1518 ||| READING scroll of identify.
  1518 | D:2      | 1518 ||| IDENTIFYING smoky brown potion
  1519 | D:2      | 1519 ||| READING scroll labelled FAWOBA LOOKO.
  1520 | D:2      | 1520 ||| READING scroll labelled FEAMNERCHOE.
  1521 | D:2      | 1521 ||| DRINKING 2 lumpy clear potions.
  1523 | D:2      | 1523 ||| Stepping ~*~*~tactically~*~*~ (cloud).
  1534 | D:2      | HP: 6/25 [poisoned by you (poison gas)]
  1672 | D:3      | Identified the +8 battleaxe "Gecatogh" {drain, Str+3}
  1973 | D:3      | Reached skill level 8 in Ranged Weapons
  1987 | D:3      | Found an ancient bone altar of Kikubaaqudgha.
  2490 | D:3      | Found a faded altar of an unknown god.
  2493 | D:3      | 2493 ||| UPGRADING to +0 cloak.
  2498 | D:3      | 2498 ||| UPGRADING to +0 ring mail.
  2508 | D:3      | 2508 ||| DROPPING +0 scale mail.
  2509 | D:3      | 2509 ||| READING scroll of identify.
  2509 | D:3      | 2509 ||| IDENTIFYING scroll labelled TAIWISHR FEMYM
  2510 | D:3      | 2510 ||| READING scroll of enchant weapon.
  2510 | D:3      | 2510 ||| ENCHANTING +0 shortbow.
  2545 | D:4      | Reached XP level 5. HP: 29/29 MP: 7/7
  2577 | D:4      | Reached skill level 9 in Ranged Weapons
  2992 | D:4      | Identified the scarf of Cowardice {repulsion, Fly Will-
                  | Dex+5}
  3052 | D:4      | Reached skill level 1 in Armour
  3052 | D:4      | Reached XP level 6. HP: 35/35 MP: 8/8
  3158 | D:4      | 3158 ||| UPGRADING to scarf of Cowardice {repulsion, Fly
                  | Will- Dex+5}.
  3168 | D:4      | 3168 ||| DROPPING +0 cloak.
  3169 | D:4      | 3169 ||| UPGRADING to +0 pair of boots.
  3174 | D:4      | 3174 ||| READING scroll labelled BIUXOO OGISHA.
  3207 | D:5      | Entered Level 5 of the Dungeon
  3208 | D:5      | 3208 ||| PLANNING SEWER
  3225 | D:5      | 3225 ||| DRINKING pink potion.
  3234 | D:5      | 3234 ||| FLEEEEING.
  3236 | D:5      | 3236 ||| FLEEEEING.
  3237 | D:5      | 3237 ||| FLEEEEING.
  3262 | D:5      | Reached skill level 3 in Dodging
  3263 | D:5      | 3263 ||| FLEEEEING.
  3264 | D:5      | 3264 ||| FLEEEEING.
  3265 | D:5      | 3265 ||| FLEEEEING.
  3266 | D:5      | 3266 ||| FLEEEEING.
  3270 | D:5      | 3270 ||| FLEEEEING.
  3274 | D:5      | 3274 ||| FLEEEEING.
  3276 | D:5      | 3276 ||| FLEEEEING.
  3277 | D:5      | 3277 ||| FLEEEEING.
  3278 | D:5      | 3278 ||| STAIRDANCE
  3443 | D:5      | Noticed Duvessa
  3444 | D:5      | 3444 ||| RETREEEEATING.
  3445 | D:5      | 3445 ||| RETREEEEATING.
  3446 | D:5      | 3446 ||| RETREEEEATING.
  3448 | D:5      | 3448 ||| RETREEEEATING.
  3450 | D:5      | 3450 ||| RETREEEEATING.
  3453 | D:5      | 3453 ||| DRINKING potion of haste.
  3459 | D:5      | Noticed Dowan
  3462 | D:5      | HP: 8/35 [Duvessa/+0 rapier (3)]
  3465 | D:5      | Killed Duvessa
  3466 | D:5      | Reached skill level 10 in Ranged Weapons
  3468 | D:5      | HP: 5/35 [Dowan/+2 dagger of holy wrath (4)]
  3469 | D:5      | Slain by Dowan

Levels and vault maps discovered:
D:1:      spicycebolla_green_bress_n_ham_2, layout_basic, st_stairs_12,
          hex_large, lemuel_flame_loot_1
D:2:      layout_loops_ring, serial_forest, infiniplex_forest_lined_3,
          infiniplex_forest_lined_1, infiniplex_forest_straight_2,
          infiniplex_forest_end_3, infiniplex_forest_zigzag_1,
          infiniplex_forest_end_1, infiniplex_forest_clump_medium,
          infiniplex_forest_side_room, infiniplex_forest_end_2, serial_shops,
          shop, uniq_robin
D:3:      layout_basic, lemuel_crystal_altar, dilly_ecumenical_altar_fadedgnrine
D:4:      layout_loops_ring
D:5:      layout_basic, general_overflow_altar,
          minmay_temple_entry_stoned_glass,
          mainiacjoe_sewer_entry_somewhere_in_here_1, serial_shops, shop,
          uniq_duvessa

Skill      XL: |  1  2  3  4  5  6 |
---------------+-------------------+-----
Ranged Weapons | 6 7 8 9 10 | 10.1
Fighting       | 2 |  2.2
Armour         | 1 |  1.0
Dodging        | 3 |  3.0
Stealth        | |  1.2

Action                     |  1- 3 |  4- 6 || total
---------------------------+-------+-------++-------
   Fire: Shortbow          |    92 |   181 ||   273
    Use: Scroll            |     3 |     7 ||    10
         Potion            |       |     3 ||     3
 Armour: Scale mail        |    17 |    10 ||    27
         Leather armour    |     5 |       ||     5
         Ring mail         |       |    81 ||    81
  Dodge: Dodged            |     5 |    24 ||    29
         Repelled          |       |     2 ||     2

Table legend:
 A = Non-vault XP
 B = Vault XP
 C = Vault XP percentage of total XP
 D = Non-vault monster count
 E = Vault monster count
 F = Vault count percentage of total count
                 A         B        C        D         E       F
            +---------+---------+-------+---------+---------+-------
      Total |     506 |     170 |  25.1 |      75 |      12 |  13.8
            +---------+---------+-------+---------+---------+-------
        D:1 |      36 |       2 |   5.3 |      22 |       1 |   4.3
        D:2 |      28 |      33 |  54.1 |      10 |      10 |  50.0
        D:3 |      91 |       0 |   0.0 |      13 |       0 |   0.0
        D:4 |     240 |       0 |   0.0 |      21 |       0 |   0.0
        D:5 |     111 |     135 |  54.9 |       9 |       1 |  10.0
            +---------+---------+-------+---------+---------+-------
